 Dungeon Crawl Stone Soup version 0.16.1-2-g95b8d4c (webtiles) character file.

3308 Siriah the Jinx (level 10, -2/71 HPs)
             Began as a Formicid Arcane Marksman on Mar 25, 2015.
             Was a Believer of Ru.
             Slain by a centaur (8 damage)
             ... on level 8 of the Dungeon.
             The game lasted 01:02:00 (11903 turns).

Siriah the Jinx (Formicid Arcane Marksman)         Turns: 11903, Time: 01:02:00

Health: -2/71      AC:  4    Str: 15    XL:     10   Next: 21%
Magic:  25/25      EV: 10    Int: 17    God:    Ru [**....]
Gold:   429        SH:  0    Dex:  7    Spells: 6 memorised, 6 levels left

rFire  + . .     SeeInvis +     a - +0 long sword of Gepyimif {slice, rF+}
rCold  . . .     Clarity  .     i - +0 robe
rNeg   . . .     SustAb   .     (no shield)
rPois  .         Gourm    .     (helmet unavailable)
rElec  .         Spirit   .     (no cloak)
rCorr  .         Warding  .     s - +1 pair of gloves
rMut   .         Stasis   +     (no boots)
MR     +....                    (no amulet)
Stlth  +++.......               r - ring of stealth
                                u - -3 ring of dexterity (curse)

@: no scrolls, somewhat resistant to hostile enchantments, fairly stealthy
A: permanent stasis, dig shafts and tunnels, four strong arms, antennae 3,
inability to read while threatened, slow reflexes 1
a: Dig, Shaft Self, Renounce Religion


You were on level 8 of the Dungeon.
You worshipped Ru.
Ru was pleased with you.
You were very hungry.

You visited 1 branch of the dungeon, and saw 8 of its levels.

You collected 429 gold pieces.

Inventory:

Hand weapons
 a - the +0 long sword of Gepyimif (weapon) {slice, rF+}
   (You found it on level 4 of the Dungeon)

   It inflicts extra damage upon your enemies.
   It protects you from fire.
 b - a +0 hand crossbow of evasion
 p - a +0 dagger of electrocution
Missiles
 c - 30 bolts
 l - 17 bolts of frost
 x - a throwing net (quivered)
Armour
 i - a +0 robe (worn)
 s - a +1 pair of gloves (worn)
Jewellery
 e - an uncursed ring of magical power
 r - a ring of stealth (right hand)
 u - a cursed -3 ring of dexterity (left hand)
Magical devices
 v - a wand of magic darts (25)
Scrolls
 g - a scroll of magic mapping
 k - a scroll of fog
 w - 2 scrolls of remove curse
 y - a scroll of amnesia {unknown}
Potions
 m - 2 potions of brilliance {unknown}
 n - a potion of haste
 o - a potion of magic
 q - a potion of restore abilities
Books
 d - a book of Debilitation

   Spells                             Type                      Level
   a - Corona                         Hexes                        1
   b - Slow                           Hexes                        2
   c - Inner Flame                    Hexes/Fire                   3
   d - Enslavement                    Hexes                        4
   e - Cause Fear                     Hexes                        4
   f - Leda's Liquefaction            Hexes/Earth                  4
 j - a book of Beasts

   Spells                             Type                      Level
   a - Summon Butterflies             Summoning                    1
   b - Call Canine Familiar           Summoning                    3
   c - Summon Ice Beast               Ice/Summoning                4
   d - Summon Mana Viper              Hexes/Summoning              5
   e - Monstrous Menagerie            Summoning                    6
   f - Summon Hydra                   Summoning                    7
Comestibles
 f - 8 bread rations
 h - a meat ration
 t - 6 beef jerkies
 z - 4 fruits


   Skills:
 + Level 4.1 Fighting
 + Level 2.6 Long Blades
 + Level 6.5 Crossbows
 + Level 5.9 Dodging
 + Level 3.0 Stealth
 + Level 6.2 Spellcasting
 + Level 8.4 Hexes
 + Level 0.4 Summonings
 + Level 0.8 Fire Magic
 + Level 1.2 Earth Magic


You had 6 spell levels left.
You knew the following spells:

 Your Spells              Type           Power        Failure   Level  Hunger
a - Corona                Hex            ####...      1%          1    None
b - Slow                  Hex            ####....     1%          2    None
c - Inner Flame           Hex/Fire       ###.....     8%          3    ##.....
d - Enslavement           Hex            ####....     6%          4    ####...
e - Summon Butterflies    Summ           #.......     14%         1    None
f - Leda's Liquefaction   Hex/Erth       ###.......   21%         4    ####...


Dungeon Overview and Level Annotations

Branches:
Dungeon (8/15)             Temple (0/1) D:6
   Lair: D:8-11

Altars:
Fedhas
Gozag
Ru

Shops:
D:7 *

Annotations:
D:6 Blork the orc; Menkaure; wojtek's ghost, experienced KoAs


Innate Abilities, Weirdness & Mutations

You are under a permanent stasis effect.
You can dig through walls and to a lower floor.
Your four strong arms can wield two-handed weapons with a shield.
You have a pair of large antennae on your head (SInv).
You cannot read scrolls while threatened.
You have somewhat slow reflexes. (-3 EV)


Message History

You see here an arrow.
You open the door.
Found an opulent altar of Gozag.
You can read scrolls again.
There is an open door here.
There is an opulent altar of Gozag here.
You close the door.
A centaur opens the door.
The centaur unwields an uncursed shortbow.
The centaur hits you!
* * * LOW HITPOINT WARNING * * *
There is an open door here.
You hit the centaur but do no damage.
You redirect the centaur's attack!
The centaur completely misses itself.
The centaur closely misses you.
Drink which item? (? for menu, Esc to quit)
Okay, then.
You barely miss the centaur.
The centaur is no longer blind.
The centaur hits you!
You feel threatened and lose the ability to read scrolls!
You die...

...#..#.#(.{...c..
.......(.#..........
.......[.##{..##....
...{...c.#######.....
..........##.....#
....{.........###
.....###.c.>..#
.....#_#..(.<.#
.....(#@#.(#####
#....c.## #......#
########


You could see a centaur.

Vanquished Creatures
  Pikel (D:3)
  A two-headed ogre (D:7)
  Eustachio (D:6)
  A shadow (D:6)
  A hippogriff (D:6)
  2 slaves (D:3)
  An ice beast (D:5)
  2 sky beasts (D:5)
  An orc warrior (D:5)
  2 ogres
  A phantom (D:7)
  3 centaurs
  A crocodile (D:7)
  4 giant frogs
  3 scorpions
  A crimson imp (D:6)
  A giant frog zombie (D:7)
  2 jellies (D:7)
  7 orc wizards
  3 orc priests
  2 hounds
  2 iguanas (D:7)
  5 worker ants
  2 hound skeletons
  3 gnolls (D:5)
  10 adders
  A river rat (D:6)
  3 shadow imps
  2 giant mites
  6 worms
  An adder zombie (D:5)
  An adder skeleton (D:6)
  5 giant geckos
  3 oozes
  23 orcs
  A ball python (D:2)
  A bat skeleton (D:4)
  A bat zombie (D:6)
  8 giant cockroaches
  16 hobgoblins
  8 jackals
  15 kobolds
  3 quokkas
  16 bats
  7 giant newts
  20 goblins
  A hobgoblin zombie (D:7)
  A quokka skeleton (D:4)
  16 rats
222 creatures vanquished.

Vanquished Creatures (collateral kills)
  An orc warrior (D:6)
  An orc wizard (D:5)
  2 orcs (D:4)
  2 hobgoblins
6 creatures vanquished.

Vanquished Creatures (others)
  An ogre (D:6)
  An orc wizard (D:4)
  A shadow imp (D:5)
  3 orcs
  A quokka (D:7)
  14 butterflies
21 creatures vanquished.

Grand Total: 249 creatures vanquished

Notes
Turn   | Place    | Note
--------------------------------------------------------------
     0 | D:1      | Siriah, the Formicid Arcane Marksman, began the quest for the Orb.
     0 | D:1      | Reached XP level 1. HP: 15/15 MP: 2/2
   145 | D:1      | Reached XP level 2. HP: 9/21 MP: 4/4
   302 | D:1      | Learned a level 2 spell: Slow
   703 | D:1      | Reached XP level 3. HP: 26/26 MP: 5/5
  1012 | D:2      | Reached skill level 4 in Hexes
  1399 | D:2      | Reached XP level 4. HP: 32/32 MP: 7/7
  1460 | D:2      | Found a sacrificial altar of Ru.
  1492 | D:2      | Became a worshipper of Ru the Awakened
  2089 | D:3      | Reached XP level 5. HP: 29/38 MP: 8/10
  2376 | D:3      | Learned a level 3 spell: Inner Flame
  3054 | D:4      | Reached XP level 6. HP: 38/44 MP: 13/13
  3133 | D:4      | Got a steaming long sword
  3134 | D:4      | Identified the cursed +0 long sword of Gepyimif {slice, rF+} (You found it on level 4 of the Dungeon)
  3175 | D:3      | HP: 2/44 [poisoned by an adder]
  3537 | D:4      | Noticed a slave
  3538 | D:4      | Noticed a slave
  3540 | D:4      | Noticed a slave
  3542 | D:4      | Noticed a slave
  3584 | D:3      | Killed a slave
  3644 | D:3      | Killed a slave
  3651 | D:3      | Reached skill level 5 in Hexes
  3805 | D:4      | Noticed Pikel
  4058 | D:3      | Killed Pikel
  4058 | D:3      | Reached skill level 1 in Stealth
  4058 | D:3      | Reached XP level 7. HP: 11/51 MP: 13/17
  4062 | D:3      | Gained mutation: You have somewhat slow reflexes. (-3 EV) [Ru sacrifice]
  4062 | D:3      | Acquired Ru's first power
  4265 | D:4      | Reached XP level 8. HP: 51/57 MP: 19/19
  4285 | D:4      | Learned a level 4 spell: Enslavement
  4350 | D:4      | Reached skill level 6 in Hexes
  4821 | D:4      | Found a blossoming altar of Fedhas.
  4916 | D:5      | Entered Level 5 of the Dungeon
  5282 | D:5      | Reached skill level 5 in Crossbows
  5875 | D:5      | Reached skill level 7 in Hexes
  6019 | D:5      | Reached skill level 1 in Long Blades
  6198 | D:5      | Reached XP level 9. HP: 14/62 MP: 17/22
  6210 | D:5      | HP: 2/62 [orc wizard/dagger (2)]
  6221 | D:5      | HP: 3/62 [orc wizard/magic dart (7)]
  6970 | D:6      | Reached skill level 5 in Spellcasting
  7333 | D:6      | Gained mutation: You cannot read scrolls while threatened. [Ru sacrifice]
  7333 | D:6      | Acquired Ru's second power
  7345 | D:6      | Reached skill level 5 in Dodging
  7603 | D:6      | Learned a level 1 spell: Summon Butterflies
  7652 | D:6      | Noticed Menkaure
  7701 | D:6      | Noticed wojtek's ghost (experienced KoAs)
  8197 | D:6      | Noticed Eustachio
  8615 | D:6      | Killed Eustachio
  9402 | D:6      | Found a staircase to the Ecumenical Temple.
  9404 | D:6      | Noticed Blork the orc
  9410 | D:6      | Noticed a troll
  9477 | D:7      | Found Feres' General Store.
  9578 | D:7      | HP: 2/64 [iguana (6)]
  9598 | D:7      | Learned a level 4 spell: Leda's Liquefaction
 10429 | D:7      | Reached skill level 8 in Hexes
 10692 | D:7      | Reached skill level 1 in Earth Magic
 10698 | D:7      | Reached XP level 10. HP: 53/71 MP: 19/25
 11897 | D:8      | Found an opulent altar of Gozag.
 11903 | D:8      | Slain by a centaur

Action                   |  1- 3 |  4- 6 |  7- 9 | 10-12 || total
-------------------------+-------+-------+-------+-------++-------
Melee: Short sword       |    92 |     5 |       |       ||    97
       Dagger            |       |   120 |       |       ||   120
       Long sword        |       |    62 |   316 |    58 ||   436
 Fire: Hand crossbow     |    63 |    75 |   175 |    41 ||   354
Throw: Throwing net      |       |       |     1 |       ||     1
 Cast: Corona            |    15 |    44 |    80 |    14 ||   153
       Slow              |       |    11 |    27 |     8 ||    46
       Inner Flame       |       |     1 |     7 |       ||     8
       Enslavement       |       |       |    19 |       ||    19
       Summon Butterflie |       |       |     8 |     3 ||    11
       Leda's Liquefacti |       |       |     5 |     1 ||     6
Invok: Sacrifice Health  |       |       |     1 |       ||     1
       Sacrifice Words   |       |       |     1 |       ||     1
 Abil: Dig               |       |       |     1 |       ||     1
Evoke: Wand              |       |       |       |     6 ||     6
  Use: Scroll            |       |     1 |    14 |       ||    15
       Potion            |       |       |     5 |       ||     5
 Stab: Invisible         |       |       |     2 |       ||     2
       Sleeping          |       |       |     1 |     2 ||     3
  Eat: Chunk             |     2 |     7 |    24 |     3 ||    36
       Meat ration       |       |     1 |       |       ||     1
       Beef jerky        |       |     1 |       |       ||     1
